 Dungeon Crawl Stone Soup version 0.23.1 (webtiles) character file.

Game seed: 5828214384250889013

11516 Kniotic the Covert (level 12, 0/77 HPs)
             Began as a Kobold Monk on Mar 3, 2019.
             Was an Elder of Dithmenos.
             Slain by a salamander mystic
             ... wielding a +4 quarterstaff
              (1 damage)
             ... in a volcano.
             The game lasted 00:33:47 (15942 turns).

Kniotic the Covert (Kobold Monk)                   Turns: 15942, Time: 00:33:48

Health: 0/77       AC:  9    Str: 11    XL:     12   Next: 8%
Magic:  16/25      EV: 23    Int: 12    God:    Dithmenos [****..]
Gold:   559        SH:  0    Dex: 19    Spells: 11/11 levels left

rFire    . . .     SeeInvis .     - Unarmed
rCold    . . .     Gourm    .   (shield restricted)
rNeg     + + +     Faith    .   a - +0 robe
rPois    ∞         Spirit   .   u - +2 hat
rElec    .         Reflect  .   (no cloak)
rCorr    .         Harm     .   s - +2 pair of gloves
MR       +++++                  (no boots)
Stlth    ++++++++++             (no amulet)
HPRegen  0.22/turn              v - ring of Pierol {+Blink MP+9}
MPRegen  0.19/turn              k - +2 ring of protection

@: shadow-form, wreathed by umbra, lightly drained, invisible
A: small, carnivore
a: End Transformation, Shadow Step, Renounce Religion, Evoke Blink


You were in a volcano.
You worshipped Dithmenos.
Dithmenos was greatly pleased with you.
You were very full.
You were a swirling mass of dark shadows.
You visited 3 branches of the dungeon, and saw 12 of its levels.
You also visited: Volcano.

You collected 629 gold pieces.
You spent 70 gold pieces at shops.

Inventory:

Hand Weapons
 B - the +3 long sword of the Shore {freeze, Str+2 Int+3}
   (You found it on level 9 of the Dungeon)

   It has been specially enchanted to freeze those struck by it, causing extra
   injury to most foes and up to half again as much damage against particularly
   susceptible opponents.
   It can also slow down cold-blooded creatures.
   It affects your strength (+2).
   It affects your intelligence (+3).
 D - the +8 long sword of Muot {flame, rPois MP+9 Str+4}
   (You found it on level 7 of the Dungeon)

   It has been specially enchanted to burn those struck by it, causing extra
   injury to most foes and up to half again as much damage against particularly
   susceptible opponents.
   Big, fiery blades are also staple armaments of hydra-hunters.
   It affects your strength (+4).
   It protects you from poison.
   It affects your magic capacity (+9).
Armour
 a - a +0 robe (worn)
 s - a +2 pair of gloves (worn)
 u - a +2 hat (worn)
Jewellery
 k - a +2 ring of protection (right hand)
 t - an uncursed ring of protection from cold
 v - the ring of Pierol (left hand) {+Blink MP+9}
   (You found it on level 9 of the Dungeon)

   [ring of magical power]

   It affects your magic capacity (+9).
   It lets you blink.
 x - a +2 ring of intelligence
 z - an uncursed ring of ice
 E - an uncursed ring of resist corrosion
Wands
 A - a wand of digging (8)
 G - a wand of polymorph (11)
 I - a wand of flame (13)
 J - a wand of disintegration (11)
Scrolls
 c - 3 scrolls of blinking
 d - a scroll of enchant weapon {unknown}
 e - 7 scrolls of remove curse
 h - 8 scrolls of teleportation
 o - a scroll of fear {unknown}
 q - a scroll of random uselessness {unknown}
 r - a scroll of fog {unknown}
 w - 4 scrolls of amnesia
 y - 2 scrolls of enchant armour {unknown}
 F - a scroll of magic mapping {unknown}
 H - 2 scrolls of acquirement {unknown}
Potions
 f - 2 potions of heal wounds
 m - a potion of lignification
 n - 2 potions of magic
 p - 2 potions of curing
 C - 3 potions of flight {unknown}
Comestibles
 b - 17 rations


   Skills:
 - Level 10.0(9.6) Fighting
 - Level 10.0(9.6) Dodging
 + Level 11.1(10.7) Stealth
 * Level 11.0(10.6) Unarmed Combat
 + Level 6.5(6.2) Invocations


You had 11 spell levels left.
You didn't know any spells.
Your spell library contained the following spells:

 Spells                   Type           Power        Failure   Level  Hunger
 Magic Dart               Conj           #...         32%         1    ##.....
 Searing Ray              Conj           #.....       45%         2    ###....
 Dazzling Spray           Conj/Hex       #.....       69%         3    ####...
 Force Lance              Conj/Tloc      #.......     97%         4    #####..
 Fulminant Prism          Conj/Hex       #.........   97%         4    #####..
 Iskenderun's Mystic Bla  Conj           #.......     97%         4    #####..


Dungeon Overview and Level Annotations

Branches:
Dungeon (10/15)            Temple (1/1) D:4            Lair (1/6) D:10
    Orc: D:9-12

Altars:
Ashenzari
Cheibriados
Dithmenos
Elyvilon
Fedhas
Gozag
Hepliaklqana
Kikubaaqudgha
Makhleb
Nemelex Xobeh
Okawaru
Qazlal
Ru
Sif Muna
Trog
Uskayaw
Vehumet
Wu Jian
Xom
Yredelemnul
Zin
The Shining One

Shops:
D:5 (   D:6 *

Annotations:
D:5 exclusion: door
D:7 2 transporters, ciphuk's ghost, novice DEFE
D:9 Erolcha
D:10 exclusion: two-headed ogre
Lair:1 Gastronok


Innate Abilities, Weirdness & Mutations

You are small and have problems with some larger weapons.
You are carnivorous and can eat meat at any time.


Message History

Here: a salamander mystic, wielding a +4 quarterstaff and wearing a +0 robe (umbra)
A +1 halberd of chopping.
There is something else lying underneath.
The floor, spattered with blood.
Evoke which item? (* to show all) (? for menu, Esc to quit)
Okay, then.
You hit the salamander mystic but do no damage.
The salamander mystic hits you with a +4 quarterstaff.
You are engulfed in flames!
* * * LOW HITPOINT WARNING * * *
You fail to use your ability.
The salamander mystic hits you with a +4 quarterstaff.
* * * LOW HITPOINT WARNING * * *
You are engulfed in flames!
* * * LOW HITPOINT WARNING * * *
You turn into a swirling mass of dark shadows.
You feel drained.
You fade into the shadows.
You can no longer transform into a swirling mass of shadows.
The salamander mystic hits you with a +4 quarterstaff.
You die...

## #.# #.# #.# ##.# ##N## ##
#####.#W# ##.###.##.###.#
######## ###..........###.#
####.##.##.
##..........N..###.###..........
#..........§......#.............
........≈.≈.§≈.......§...≈≈§≈.≈.
........≈≈≈§≈≈§§.....§§≈≈≈§≈≈≈≈§
.§.≈≈≈≈§.≈≈≈≈§§≈≈≈≈.§§§≈≈≈§§≈≈≈≈
.§§≈≈≈≈§≈§.≈≈§≈§≈≈§§§≈≈≈≈≈§§≈≈≈≈


You could see a salamander mystic.

Vanquished Creatures
  The ghost of Cykl0x the Cleaver, a novice MiFi of Makhleb (D:9)
  A cyclops (D:9)
  2 salamanders (Volcano)
  A centaur zombie (D:10)
  Maurice (D:8)
  A troll (D:9)
  2 hippogriffs
  7 yaks
  A wyvern (D:8)
  A basilisk (D:10)
  A hungry ghost (D:10)
  2 water moccasins
  A phantom (D:6)
  4 orc warriors
  7 porcupines
  2 ice beasts
  A black bear (D:10)
  A necrophage (D:8)
  7 ogres
  2 sky beasts
  4 centaurs
  4 crocodiles
  11 bullfrogs
  2 gnoll sergeants
  5 scorpions
  15 killer bees
  4 wights (D:10)
  3 howler monkeys
  A lava snake (Volcano)
  4 crimson imps
  A bullfrog zombie (D:5)
  9 orc priests
  3 hounds (D:9)
  3 jellies
  12 orc wizards
  2 centaur skeletons
  3 bullfrog skeletons
  7 worker ants
  5 iguanas
  2 hound zombies
  A worker ant zombie (D:5)
  16 gnolls
  16 adders
  2 shadow imps
  An ooze (D:7)
  2 adder skeletons
  3 worms
  3 dart slugs
  8 leopard geckos
  32 orcs
  3 bats
  8 giant cockroaches
  5 goblins
  6 hobgoblins
  9 jackals
  4 kobolds
  7 quokkas
  A ball python (D:3)
  5 frilled lizards
  2 leopard gecko skeletons
  A leopard gecko zombie (D:8)
  5 rats
286 creatures vanquished.

Vanquished Creatures (others)
  An orc (D:9)
  A bush (D:10)
  2 fungi (D:10)
  13 plants (D:10)
17 creatures vanquished.

Grand Total: 303 creatures vanquished

Notes
Turn   | Place    | Note
-------+----------+-------------------------------------------
     0 | D:1      | Kniotic the Kobold Monk began the quest for the Orb.
     0 | D:1      | Reached XP level 1. HP: 14/14 MP: 1/1
   205 | D:1      | Reached XP level 2. HP: 11/19 MP: 2/2
   698 | D:1      | Reached XP level 3. HP: 15/23 MP: 3/3
  1330 | D:2      | Found a sparkling altar of Nemelex Xobeh.
  1878 | D:2      | Reached XP level 4. HP: 24/28 MP: 4/4
  1955 | D:3      | Reached skill level 5 in Unarmed Combat
  2316 | D:3      | Reached XP level 5. HP: 32/32 MP: 5/5
  3482 | D:4      | Reached XP level 6. HP: 37/37 MP: 6/6
  3519 | D:4      | Noticed an ogre
  4387 | D:4      | Found a snail-covered altar of Cheibriados.
  4444 | D:4      | Reached XP level 7. HP: 21/41 MP: 7/7
  4765 | D:4      | Found a hazy altar of Hepliaklqana.
  4930 | D:4      | Found a staircase to the Ecumenical Temple.
  5093 | Temple   | Entered the Ecumenical Temple
  5287 | Temple   | Became a worshipper of Dithmenos the Shadowed
  5287 | Temple   | Reached * piety under Dithmenos
  5287 | Temple   | Reached ** piety under Dithmenos
  5335 | D:5      | Entered Level 5 of the Dungeon
  5464 | D:5      | Found Saesiab's Weapon Shoppe.
  5471 | D:5      | Found a deep blue altar of Sif Muna.
  5693 | D:5      | Reached XP level 8. HP: 46/46 MP: 8/8
  5964 | D:5      | Found a sacrificial altar of Ru.
  6573 | D:6      | Reached skill level 10 in Unarmed Combat
  6809 | D:6      | Reached skill level 1 in Invocations
  6948 | D:6      | Found a sparkling altar of Nemelex Xobeh.
  6998 | D:6      | Found Fuos's Assorted Antiques.
  7010 | D:6      | Reached XP level 9. HP: 47/52 MP: 10/10
  7024 | D:6      | Bought a scroll of identify for 70 gold pieces
  7066 | D:6      | Reached skill level 5 in Dodging
  7402 | D:6      | Reached skill level 5 in Fighting
  7599 | D:7      | Got an ancient long sword
  7603 | D:7      | Identified the +8 long sword of Muot {flame, rPois MP+9
                  | Str+4} (You found it on level 7 of the Dungeon)
  7636 | D:7      | Noticed ciphuk's ghost (novice DEFE)
  7640 | D:7      | Noticed a moth of wrath
  7643 | D:7      | Reached *** piety under Dithmenos
  7670 | D:7      | Found a transporter.
  7675 | D:7      | Found a transporter.
  7701 | D:7      | Found a bloodstained altar of Trog.
  8611 | D:8      | Noticed Maurice
  9071 | D:8      | Noticed a hippogriff
  9079 | D:8      | Reached XP level 10. HP: 56/63 MP: 11/13
  9954 | D:8      | Reached **** piety under Dithmenos
 10008 | D:8      | Killed Maurice
 10008 | D:8      | Reached skill level 5 in Invocations
 10762 | D:8      | Found a glowing silver altar of Zin.
 11093 | D:9      | Noticed Erolcha
 11422 | D:9      | Noticed a cyclops
 11641 | D:9      | Found a basalt altar of Yredelemnul.
 11706 | D:10     | Entered Level 10 of the Dungeon
 12086 | D:9      | Found a runed translucent door.
 12088 | D:9      | Noticed Cykl0x's ghost (novice MiFi)
 12104 | D:9      | Got a scorched long sword
 12119 | D:9      | Identified the +3 long sword of the Shore {freeze, Str+2
                  | Int+3} (You found it on level 9 of the Dungeon)
 12231 | D:10     | Reached skill level 10 in Dodging
 12246 | D:10     | Reached XP level 11. HP: 52/71 MP: 15/15
 12500 | D:10     | Reached skill level 5 in Stealth
 12626 | D:10     | Reached skill level 10 in Fighting
 12951 | D:10     | Reached ***** piety under Dithmenos
 13220 | D:9      | Killed Cykl0x's ghost
 13227 | D:9      | Got a brightly glowing steel ring
 13460 | D:9      | Identified the ring of Pierol {+Blink MP+9} (You found it
                  | on level 9 of the Dungeon)
 13476 | D:9      | Killed a cyclops
 13813 | D:9      | Reached skill level 10 in Stealth
 14667 | D:10     | Noticed a two-headed ogre
 14860 | D:10     | Noticed a two-headed ogre
 14961 | D:10     | Found a staircase to the Lair.
 15081 | Lair:1   | Entered Level 1 of the Lair of Beasts
 15345 | Lair:1   | Noticed Gastronok
 15621 | Lair:1   | Found a dark tunnel.
 15630 | Volcano  | Entered a volcano
 15820 | Volcano  | Found a burning altar of Makhleb.
 15820 | Volcano  | Noticed a salamander
 15820 | Volcano  | Noticed a salamander
 15820 | Volcano  | Noticed a salamander mystic
 15820 | Volcano  | Noticed a salamander
 15834 | Volcano  | Killed a salamander
 15834 | Volcano  | Reached XP level 12. HP: 42/77 MP: 16/16
 15941 | Volcano  | HP: 1/77 [salamander mystic/+4 quarterstaff (10)]
 15942 | Volcano  | Slain by a salamander mystic

Skill      XL: |  1  2  3  4  5  6  7  8  9 10 11 12 |
---------------+-------------------------------------+-----
Unarmed Combat | 4 5 6 7 8 10 11 | 11.0
Dodging        | 4 7 10 | 10.0
Invocations    | 1 4 5 6 |  6.5
Fighting       | 4 7 9 10 | 10.0
Stealth        | 4 11 | 11.1

Action                   |  1- 3 |  4- 6 |  7- 9 | 10-12 || total
-------------------------+-------+-------+-------+-------++-------
Melee: Unarmed           |    83 |   235 |   450 |   708 ||  1476
       Punch             |     2 |     5 |    17 |    43 ||    67
Invok: Shadow Form       |       |       |       |     1 ||     1
Evoke: Wand              |       |       |     3 |    10 ||    13
  Use: Scroll            |       |     7 |     1 |     9 ||    17
       Potion            |       |       |     5 |    11 ||    16
 Stab: Sleeping          |     3 |     9 |    13 |    11 ||    36
       Paralysed         |       |       |    11 |     7 ||    18
       Distracted        |       |       |       |     2 ||     2
       Invisible         |       |       |       |     7 ||     7
  Eat: Chunk             |    10 |    10 |    13 |    30 ||    63
Armor: Robe              |     6 |    40 |   100 |    64 ||   210
       Skin              |       |       |       |    37 ||    37
Dodge: Dodged            |    61 |   170 |   462 |   648 ||  1341
